Map: Coda LE

Players

Pseudorandom

lIlIlIlIlI (Nina) - Winner!

  • Race: Protoss Protoss
  • Spawn Location: 5:00

VOD

Have the link to the VOD?

Description

Time

  • Played on: April 2, 2015, 12:35 a.m.
  • Length: 13:24
Show
View Real Time Build Order
Export as new Build Order

Pseudorandom Zerg 

Build Orders: Pool First, Lurkers 

Get SALT Encoding   

  12  0:00  Drone  
  13  0:10  Drone  
  14  0:18  Overlord  
  14  0:27  Drone, Extractor  
  15  0:37  Drone x2  
  17  0:47  Spawning Pool  
  17  0:49  Drone  
  17  0:54  Drone  
  18  1:16  Hatchery, Drone  
  18  1:21  Drone  
  18  1:23  Extractor  
  18  1:33  Queen  
  18  1:34  Zergling x2  
  21  1:40  Overlord  
  21  1:48  Drone  
  22  2:02  Drone  
  23  2:09  Drone, Queen  
  26  2:20  Overlord  
  26  2:27  Metabolic Boost  
  26  2:30  Drone  
  26  2:34  Drone  
  28  2:45  Zergling x2  
  28  2:46  Zergling x8  
  28  2:49  Zergling x2  
  28  2:51  Zergling x2  
  34  2:54  Evolution Chamber  
  33  2:59  Zergling x2  
  33  3:03  Lair  
  33  3:05  Extractor  
  33  3:07  Drone  
  35  3:18  Drone x4  
  39  3:21  Drone  
  39  3:24  Overlord  
  40  3:34  Drone x4  
  42  3:37  Zergling x2  
  44  3:42  Zerg Melee Weapons Level 1  
  44  3:43  Zergling x2  
  45  3:57  Drone x2  
  46  4:09  Drone x2  
  47  4:11  Hatchery  
  47  4:12  Drone  
  47  4:16  Hydralisk Den  
  43  4:17  Drone x3  
  43  4:23  Drone x3  
  43  4:24  Drone  
  49  4:27  Extractor x2  
  49  4:31  Drone x4  
  51  4:34  Drone  
  51  4:39  Drone  
  51  4:42  Drone  
  51  4:44  Extractor  
  50  4:49  Lurker Den  
  50  4:51  Overlord  
  50  4:58  Overlord x2  
  50  4:59  Drone  
  51  5:09  Queen  
  51  5:12  Drone x5  
  58  5:14  Overseer  
  58  5:20  Hydralisk  
  58  5:21  Hydralisk x2  
  60  5:28  Hydralisk  
  64  5:35  Extractor  
  65  5:36  Hydralisk  
  65  5:37  Hydralisk  
  65  5:39  Zergling x8  
  65  5:40  Zergling x2  
  74  5:43  Hydralisk  
  74  5:44  Hydralisk  
  78  5:57  Drone x3  
  78  6:00  Overlord x2  
  78  6:02  Zerg Ground Armor Level 1  
  81  6:09  Overlord x2  
  81  6:24  Lurker x3  
  81  6:25  Zergling x6  
  78  6:26  Zergling x14  
  87  6:33  Drone x3  
  87  6:35  Hydralisk x2  
  87  6:38  Drone x2  
  87  6:39  Drone  
  97  6:40  Drone  
  98  6:50  Hydralisk x2  
  100  6:59  Drone x3  
  100  7:00  Drone x2  
  105  7:02  Overlord x2  
  97  7:13  Zergling x2  
  97  7:14  Zergling x14  
  103  7:30  Hydralisk x2  
  103  7:31  Hydralisk x2  
  103  7:36  Lurker  
  112  7:37  Lurker  
  112  7:43  Hydralisk x4  
  115  7:53  Infestation Pit  
  115  7:58  Hydralisk x3  
  107  8:11  Zerg Melee Weapons Level 2  
  105  8:13  Hydralisk x7  
  105  8:14  Hydralisk  
  105  8:16  Drone  
  105  8:18  Extractor  
  114  8:32  Hatchery, Muscular Augments  
  113  8:35  Hive  
  113  8:36  Drone  
  113  8:37  Drone x5  
  119  8:43  Zergling x4  
  110  8:51  Hydralisk x2  
  114  8:55  Drone  
  114  8:56  Drone x4  
  119  9:03  Drone x2  
  119  9:05  Overlord x2  
  121  9:23  Lurker x2  
  121  9:24  Lurker x3  
  118  9:28  Zergling x6  
  118  9:29  Zergling x10  
  98  9:38  Hydralisk  
  98  9:39  Hydralisk x5, Zergling x2  
  98  9:40  Zergling x6  
  110  9:50  Hydralisk x3  
  102  9:59  Drone x6  
  106  10:00  Drone  
  106  10:08  Hydralisk  
  106  10:12  Seismic Spines  
  108  10:21  Drone x2  
  108  10:22  Drone x5  
  108  10:23  Overlord  
  108  10:27  Zerg Ground Armor Level 2  
  108  10:28  Evolution Chamber  
  114  10:36  Lurker x2  
  114  10:38  Zergling x2  
  114  10:39  Zergling x24  
  128  10:45  Overlord  
  128  10:46  Drone  
  128  10:47  Extractor  
  128  10:48  Extractor  
  105  11:15  Hydralisk x3  
  105  11:16  Hydralisk x8  
  105  11:17  Hydralisk  
  127  11:19  Zergling x2  
  127  11:20  Zergling x12  
  134  11:25  Hatchery  
  133  11:33  Hydralisk x2  
  133  11:34  Hydralisk x3  
  133  11:36  Lurker  
  133  11:38  Zergling x2  
  133  11:39  Zergling x2  
  147  11:47  Zergling x6  
  148  11:56  Hydralisk  
  148  11:57  Hydralisk x3  
  155  12:01  Lurker  
  155  12:02  Zergling x8  
  157  12:20  Hydralisk x2  
  131  12:26  Hydralisk x10  
  130  12:37  Lurker x2  
  130  12:38  Zergling x2  
  130  12:39  Zergling x14  
  123  12:54  Lurker x2  
  123  12:55  Lurker x3  
  123  12:56  Zergling x8  
  124  13:03  Zergling x6  
  124  13:04  Zergling x2  
Show
View Real Time Build Order
Export as new Build Order

lIlIlIlIlI Protoss - Winner!

Build Orders: 1 Gate Expand 

Get SALT Encoding   

  12  0:01  Probe  
  13  0:15  Pylon  
  13  0:18  Probe  
  14  0:33  Probe (Chrono Boost)  
  15  0:37  Gateway  
  16  0:42  Probe (Chrono Boost)  
  16  0:50  Probe  
  17  1:10  Nexus  
  17  1:13  Probe  
  18  1:21  Assimilator  
  18  1:25  Probe  
  19  1:31  Cybernetics Core  
  19  1:37  Probe (Chrono Boost)  
  20  1:44  Pylon  
  21  1:47  Probe (Chrono Boost)  
  21  1:51  Assimilator  
  22  1:54  Probe (Chrono Boost)  
  22  2:05  Probe (Chrono Boost)  
  22  2:07  Stalker  
  25  2:11  Probe (Chrono Boost)  
  26  2:22  Probe (Chrono Boost)  
  28  2:24  Warp Gate  
  28  2:25  Probe (Chrono Boost)  
  28  2:28  Probe (Chrono Boost)  
  29  2:34  Probe (Chrono Boost)  
  32  2:46  Probe (Chrono Boost)  
  32  2:48  Mothership Core (Chrono Boost)  
  33  2:53  Pylon  
  33  2:55  Probe (Chrono Boost)  
  36  2:58  Sentry  
  36  3:03  Probe (Chrono Boost)  
  38  3:07  Probe (Chrono Boost)  
  39  3:13  Probe (Chrono Boost)  
  39  3:16  Robotics Facility  
  39  3:17  Probe (Chrono Boost)  
  40  3:20  Probe (Chrono Boost)  
  42  3:29  Gateway  
  42  3:30  Gateway, Probe (Chrono Boost)  
  42  3:31  Probe (Chrono Boost)  
  42  3:33  Gateway  
  43  3:38  Probe (Chrono Boost)  
  45  3:41  Assimilator  
  45  3:42  Probe (Chrono Boost), Assimilator  
  45  3:45  Probe (Chrono Boost)  
  46  3:49  Probe  
  47  3:55  Probe  
  47  3:58  Sentry  
  47  3:59  Pylon  
  47  4:00  Pylon  
  50  4:03  Pylon  
  41  4:12  Probe  
  43  4:17  Probe (Chrono Boost)  
  43  4:23  Robotics Bay  
  43  4:24  Probe (Chrono Boost)  
  43  4:30  Probe (Chrono Boost)  
  45  4:35  Probe (Chrono Boost)  
  47  4:39  Probe (Chrono Boost)  
  47  4:43  Probe (Chrono Boost), Warp Prism (Chrono Boost)  
  47  4:45  Sentry  
  52  4:46  Probe (Chrono Boost)  
  52  4:47  Sentry  
  56  4:54  Probe (Chrono Boost)  
  56  4:57  Probe (Chrono Boost)  
  57  5:00  Probe (Chrono Boost), Forge  
  57  5:01  Gateway  
  57  5:02  Zealot x2  
  57  5:03  Probe (Chrono Boost)  
  63  5:09  Pylon  
  63  5:18  Gravitic Drive  
  67  5:23  Disruptor (Chrono Boost)  
  67  5:28  Probe, Pylon  
  67  5:29  Probe  
  67  5:34  Stalker  
  71  5:38  Protoss Ground Weapons Level 1  
  71  5:40  Probe  
  71  5:42  Probe  
  73  5:45  Disruptor, Pylon  
  73  5:47  Pylon  
  73  5:53  Probe  
  74  6:01  Pylon  
  74  6:03  Photon Cannon  
  74  6:09  Probe, Nexus  
  79  6:11  Disruptor  
  79  6:13  Disruptor (Chrono Boost)  
  79  6:14  Probe, Pylon  
  80  6:18  Twilight Council  
  80  6:26  Probe  
  80  6:29  Probe  
  82  6:36  Zealot  
  82  6:37  Zealot x2  
  92  6:41  Pylon  
  92  6:42  Disruptor  
  92  6:49  Zealot  
  92  6:50  Zealot  
  92  6:51  Probe  
  92  6:52  Disruptor  
  92  6:53  Photon Cannon  
  97  6:57  Blink  
  97  7:02  Zealot  
  97  7:03  Zealot  
  97  7:05  Disruptor x2  
  93  7:15  Zealot x3  
  91  7:17  Disruptor  
  92  7:28  Disruptor x2  
  92  7:34  Observer  
  93  7:44  Stalker x4  
  93  7:48  Gateway  
  101  7:52  Gateway  
  101  8:05  Zealot  
  101  8:06  Probe  
  101  8:07  Probe  
  101  8:11  Probe, Disruptor x2  
  104  8:14  Zealot x2  
  104  8:19  Probe  
  105  8:20  Probe  
  109  8:28  Templar Archives, Gateway  
  109  8:29  Disruptor (Chrono Boost)  
  109  8:30  Gateway, Forge, Probe  
  109  8:31  Probe  
  109  8:33  Photon Cannon  
  109  8:34  Protoss Ground Weapons Level 2 (Chrono Boost), Photon Cannon  
  111  8:35  Zealot  
  111  8:38  Probe  
  111  8:41  Pylon  
  114  8:43  Disruptor x2  
  114  8:50  Probe  
  114  8:52  Probe x2  
  114  8:54  Assimilator  
  117  8:56  Assimilator  
  117  8:58  Disruptor x2  
  117  9:02  Probe (Chrono Boost)  
  120  9:05  Photon Cannon  
  120  9:08  Probe (Chrono Boost), Disruptor (Chrono Boost)  
  122  9:12  Protoss Shields Level 1 (Chrono Boost)  
  122  9:13  Probe (Chrono Boost)  
  122  9:14  Probe (Chrono Boost), Zealot  
  111  9:24  Zealot x4  
  113  9:37  Stalker x2, Disruptor x2  
  113  9:38  Stalker  
  111  9:49  Stalker x3  
  111  9:50  Probe x2  
  111  9:53  Probe  
  112  10:02  Probe, Psionic Storm  
  112  10:04  Probe  
  112  10:05  Probe  
  115  10:07  Nexus  
  115  10:09  Pylon  
  115  10:11  Pylon  
  115  10:15  Disruptor  
  115  10:16  Disruptor, Pylon  
  115  10:19  Charge  
  115  10:21  Stalker x4  
  117  10:23  Pylon  
  117  10:24  Zealot x3  
  117  10:27  Pylon  
  129  10:29  Pylon x2  
  129  10:31  Pylon  
  129  10:33  Zealot x2  
  137  10:46  Disruptor (Chrono Boost), Zealot x3  
  143  10:51  Pylon  
  143  10:54  Zealot x3  
  147  11:02  Zealot x2  
  134  11:17  Disruptor  
  134  11:25  Disruptor, Zealot  
  138  11:26  Zealot x3  
  138  11:28  Photon Cannon  
  138  11:31  Photon Cannon  
  146  11:34  Photon Cannon  
  146  11:35  Probe  
  146  11:36  Probe  
  146  11:37  Probe  
  149  11:40  Disruptor x3  
  149  11:43  Disruptor x2  
  149  11:48  Probe  
  150  11:59  Stalker x4  
  150  12:00  Stalker x2  
  162  12:02  Observer  
  162  12:07  Assimilator  
  163  12:08  Disruptor x3  
  163  12:10  Assimilator  
  139  12:30  Probe  
  139  12:31  Disruptor x3  
  139  12:32  Stalker x4  
  139  12:33  Stalker x2  
  139  12:34  Stalker x3  
  144  13:09  Stalker x2  
  144  13:10  Stalker x5  
  144  13:11  Stalker x2  
Tags
 
Composition
Lurkers
Matchup
PvZ
Replay Pack
Replays Day 2
Spawn Locations
Cross Positions
Add a new tag
Caveats
  • Supply blocks, unpowered buildings, or Contaminate may cause inaccurate times.
  • Supply counts are checked every 10 seconds.